Map: [ESL] NeoHumanity

Players

SKillous - Winner!

  • Race: Protoss Protoss
  • Spawn Location: 11:00

Scarlett

  • Race: Zerg Zerg
  • Spawn Location: 5:00

Event: ESL SC2 Masters 2023 Summer (Finals)

VOD

Have the link to the VOD?

Description

Time

  • Played on: June 17, 2023, 9:22 a.m.
  • Length: 12:49

All games in this series

Show
View Real Time Build Order
Export as new Build Order

SKillous Protoss - Winner!

Build Orders: 1 Gate Expand, Oracle Opening, Zealot Archon 

Get SALT Encoding   

  12  0:00  Probe  
  13  0:12  Probe  
  14  0:17  Pylon  
  14  0:24  Probe (Chrono Boost)  
  15  0:36  Probe (Chrono Boost)  
  15  0:37  Gateway  
  16  0:45  Probe (Chrono Boost)  
  16  0:47  Assimilator  
  17  0:50  Probe  
  18  1:03  Probe  
  19  1:15  Probe  
  20  1:25  Nexus  
  20  1:36  Cybernetics Core  
  20  1:38  Probe  
  21  1:45  Assimilator  
  21  1:50  Probe  
  21  1:53  Pylon  
  22  2:02  Probe  
  23  2:09  Adept (Chrono Boost)  
  23  2:15  Probe (Chrono Boost), Warp Gate  
  26  2:25  Probe (Chrono Boost)  
  26  2:26  Stargate  
  27  2:31  Probe (Chrono Boost)  
  27  2:34  Stalker  
  30  2:37  Probe (Chrono Boost)  
  32  2:47  Probe x2 (Chrono Boost)  
  33  2:52  Probe (Chrono Boost)  
  33  2:54  Probe  
  35  3:04  Probe  
  36  3:06  Probe, Oracle (Chrono Boost)  
  36  3:11  Pylon  
  40  3:16  Probe  
  40  3:19  Probe  
  42  3:28  Probe  
  42  3:31  Probe  
  44  3:36  Oracle  
  44  3:39  Nexus  
  44  3:40  Probe  
  48  3:42  Pylon  
  48  3:52  Probe (Chrono Boost)  
  48  3:55  Assimilator  
  50  3:59  Probe (Chrono Boost), Assimilator  
  50  4:02  Probe (Chrono Boost)  
  51  4:06  Probe (Chrono Boost)  
  51  4:07  Probe (Chrono Boost)  
  53  4:10  Adept  
  53  4:13  Oracle  
  58  4:18  Probe (Chrono Boost)  
  58  4:20  Shield Battery  
  58  4:22  Pylon  
  58  4:23  Probe (Chrono Boost)  
  58  4:24  Forge, Twilight Council  
  60  4:29  Probe (Chrono Boost)  
  62  4:34  Probe (Chrono Boost)  
  62  4:40  Gateway  
  62  4:43  Gateway  
  62  4:44  Probe (Chrono Boost)  
  62  4:45  Probe (Chrono Boost), Shield Battery  
  64  4:50  Gateway  
  64  4:56  Probe (Chrono Boost), Protoss Ground Weapons Level 1 (Chrono Boost)  
  64  4:58  Probe (Chrono Boost)  
  67  5:02  Probe (Chrono Boost)  
  67  5:05  Probe (Chrono Boost)  
  69  5:07  Probe (Chrono Boost), Charge  
  69  5:11  Probe (Chrono Boost)  
  69  5:13  Robotics Facility  
  71  5:15  Probe (Chrono Boost)  
  71  5:17  Probe (Chrono Boost)  
  73  5:24  Probe x2 (Chrono Boost)  
  73  5:25  Probe (Chrono Boost), Templar Archives  
  75  5:31  Probe  
  75  5:32  Probe, Assimilator  
  75  5:34  Assimilator  
  75  5:35  Probe, Pylon  
  78  5:39  Zealot x2  
  78  5:42  Pylon  
  82  5:43  Probe, Adept  
  82  5:45  Probe  
  85  5:53  Probe  
  85  5:56  Probe  
  85  5:57  Probe  
  87  6:04  Observer (Chrono Boost)  
  87  6:05  Probe  
  87  6:06  High Templar  
  87  6:07  High Templar, Zealot x2, Robotics Bay  
  87  6:08  Probe  
  87  6:10  Probe  
  98  6:15  Archon  
  98  6:16  Pylon  
  98  6:18  Probe  
  99  6:21  Probe  
  99  6:22  Probe  
  99  6:24  Nexus  
  101  6:27  Pylon  
  101  6:29  Pylon  
  101  6:31  Pylon x2  
  101  6:33  Warp Prism (Chrono Boost)  
  103  6:40  Zealot x3  
  109  6:52  Zealot  
  108  6:54  Pylon, Protoss Ground Weapons Level 2 (Chrono Boost)  
  108  6:55  Probe  
  108  6:59  Gateway  
  109  7:01  Gateway x2  
  109  7:05  Disruptor (Chrono Boost), Gateway  
  112  7:10  High Templar x2, Shield Battery  
  112  7:13  Probe  
  112  7:14  Shield Battery  
  117  7:16  Probe  
  117  7:17  Archon  
  117  7:20  Zealot x2  
  119  7:24  Gateway  
  119  7:25  Pylon  
  119  7:27  Gateway  
  119  7:29  Assimilator  
  119  7:32  Assimilator  
  119  7:33  Disruptor (Chrono Boost)  
  124  7:38  Probe  
  124  7:40  Probe  
  124  7:42  Zealot  
  124  7:43  Zealot x3  
  134  7:46  Probe  
  134  7:48  Photon Cannon  
  134  7:49  Probe  
  134  7:50  Photon Cannon  
  134  7:51  Shield Battery  
  134  8:03  Zealot x2  
  134  8:04  Zealot x5  
  142  8:08  Disruptor  
  145  8:19  Zealot  
  143  8:20  Zealot  
  143  8:24  High Templar x4  
  143  8:25  High Templar x4  
  151  8:28  Photon Cannon  
  151  8:31  Archon x3  
  151  8:32  Archon  
  151  8:33  Photon Cannon  
  145  8:35  Photon Cannon  
  143  8:42  Probe  
  143  8:45  High Templar x2  
  146  8:49  Disruptor (Chrono Boost)  
  146  8:53  Archon  
  149  9:02  High Templar x4  
  157  9:03  Zealot x3  
  157  9:07  Archon, Photon Cannon  
  157  9:08  Archon  
  163  9:16  Zealot  
  163  9:21  Probe  
  163  9:23  Disruptor (Chrono Boost)  
  157  9:26  Probe x3  
  163  9:33  Probe  
  163  9:38  Probe (Chrono Boost), Zealot x10  
  154  9:39  Probe x2 (Chrono Boost)  
  154  9:41  Protoss Ground Weapons Level 3 (Chrono Boost)  
  163  9:50  Probe x2 (Chrono Boost)  
  153  9:56  Probe x2 (Chrono Boost)  
  153  9:57  Probe (Chrono Boost)  
  154  10:01  Probe (Chrono Boost)  
  154  10:02  Zealot x4  
  164  10:07  Probe x2 (Chrono Boost)  
  164  10:18  Probe (Chrono Boost), Disruptor, Pylon  
  164  10:20  Pylon x2  
  149  10:23  Observer  
  136  10:34  Probe (Chrono Boost)  
  119  10:36  Zealot x3  
  119  10:37  Zealot x7  
  119  10:38  Probe (Chrono Boost)  
  119  10:42  Cybernetics Core  
  116  10:44  Probe (Chrono Boost)  
  116  10:54  Warp Prism  
  118  10:57  High Templar  
  118  10:58  High Templar x2  
  118  10:59  High Templar x6  
  118  11:03  Archon  
  136  11:04  Archon  
  136  11:05  High Templar  
  136  11:06  Archon x2  
  136  11:17  Probe  
  136  11:18  Archon  
  115  11:34  Zealot x9  
  92  11:52  Zealot  
  94  11:56  High Templar x3  
  94  11:57  High Templar, Zealot x5  
  112  12:02  Archon  
  112  12:03  Archon  
  101  12:16  Zealot x3  
  96  12:24  Zealot x3  
  89  12:40  Zealot x7  
Show
View Real Time Build Order
Export as new Build Order

Scarlett Zerg 

Build Orders: Hatch First 

Get SALT Encoding   

  12  0:00  Drone  
  13  0:12  Overlord  
  13  0:18  Drone  
  14  0:31  Drone x2  
  16  0:43  Drone  
  17  0:51  Hatchery  
  17  0:54  Drone  
  17  0:57  Drone  
  18  1:08  Extractor  
  17  1:12  Spawning Pool  
  17  1:15  Drone  
  18  1:18  Drone  
  18  1:28  Drone  
  19  1:39  Drone  
  20  1:49  Overlord  
  20  1:58  Queen  
  22  2:03  Queen, Zergling x2  
  22  2:04  Drone  
  26  2:11  Zergling x2, Metabolic Boost  
  26  2:15  Drone  
  28  2:22  Drone  
  29  2:32  Drone  
  29  2:36  Hatchery  
  29  2:41  Queen  
  29  2:42  Zergling x2  
  32  2:48  Overlord  
  32  2:50  Drone  
  33  2:52  Drone  
  33  2:56  Drone  
  36  2:58  Drone  
  36  3:05  Queen  
  36  3:09  Overlord  
  36  3:11  Drone  
  36  3:12  Drone  
  40  3:14  Drone  
  41  3:22  Drone x3  
  41  3:27  Queen  
  44  3:31  Overlord  
  44  3:34  Drone  
  47  3:38  Drone  
  47  3:40  Spore Crawler  
  46  3:48  Drone x5  
  46  3:51  Queen  
  46  3:53  Drone, Spore Crawler  
  52  3:59  Drone x4  
  56  4:08  Zergling x4  
  58  4:12  Evolution Chamber  
  58  4:15  Zergling x6  
  60  4:22  Overlord  
  60  4:24  Drone x4  
  64  4:37  Drone  
  65  4:41  Overlord  
  65  4:42  Zerg Melee Weapons Level 1  
  65  4:47  Hatchery, Drone x8  
  71  4:53  Overlord  
  71  4:57  Overlord x2  
  71  4:59  Drone x2  
  73  5:03  Drone  
  73  5:04  Drone x4  
  78  5:10  Drone  
  78  5:12  Spore Crawler  
  78  5:14  Extractor  
  77  5:15  Drone x4  
  77  5:16  Queen  
  81  5:23  Drone x5  
  85  5:30  Extractor x2, Drone x5  
  88  5:35  Lair  
  88  5:36  Baneling Nest  
  88  5:40  Unknown  
  86  5:45  Zergling x12  
  86  5:49  Overlord x3  
  92  5:53  Zergling x2  
  92  5:54  Zergling x4  
  94  5:59  Drone  
  94  6:07  Drone  
  94  6:10  Drone  
  96  6:12  Drone x6  
  96  6:14  Spore Crawler  
  101  6:23  Drone x6  
  107  6:27  Overlord x5  
  107  6:34  Hatchery  
  107  6:35  Zergling x8  
  107  6:36  Hydralisk Den  
  108  6:40  Zergling x6  
  108  6:44  Centrifugal Hooks, Zerg Melee Weapons Level 2  
  115  6:47  Zergling x12  
  115  6:48  Baneling x5  
  115  6:49  Baneling x2  
  115  6:50  Baneling  
  115  6:55  Drone x2  
  115  6:56  Drone  
  118  7:04  Zergling x16  
  126  7:13  Muscular Augments  
  126  7:14  Hydralisk x8  
  142  7:27  Hydralisk x5  
  142  7:29  Overlord x2  
  150  7:39  Hydralisk x2  
  150  7:40  Zergling x8  
  158  7:44  Zergling x20  
  158  7:50  Zergling x6  
  171  7:53  Baneling x11  
  171  7:56  Overseer  
  171  8:03  Zergling x10  
  172  8:08  Extractor  
  172  8:09  Drone x3  
  172  8:11  Zergling x20  
  184  8:19  Drone x6  
  183  8:25  Grooved Spines  
  176  8:31  Zergling x10  
  175  8:36  Baneling x20, Spore Crawler  
  175  8:37  Zergling x8  
  178  8:46  Zergling x20  
  188  8:50  Zergling x4  
  188  8:52  Zergling x2  
  190  9:03  Zergling x10  
  189  9:10  Zergling x18  
  189  9:14  Zerg Missile Weapons Level 1, Zergling x4  
  189  9:16  Zergling x2  
  197  9:20  Zergling x2  
  197  9:21  Baneling x3  
  197  9:22  Baneling x12  
  196  9:26  Zergling x4  
  178  9:31  Zergling x10  
  178  9:32  Zergling x8  
  178  9:39  Zergling x16  
  178  9:45  Zergling x8, Lurker Den, Infestation Pit  
  176  9:48  Zergling x2  
  171  9:54  Hatchery x2, Zergling x2  
  171  9:55  Zergling x2  
  171  9:57  Baneling x19  
  169  10:01  Zergling x12  
  169  10:03  Baneling x10  
  172  10:10  Hatchery  
  172  10:11  Zergling x18  
  169  10:26  Hydralisk x8  
  160  10:31  Hydralisk x3  
  160  10:35  Hydralisk  
  146  10:36  Zergling x16  
  146  10:40  Hydralisk x2  
  140  10:43  Hydralisk  
  140  10:44  Zergling x6  
  140  10:46  Zergling x2  
  140  10:48  Zergling x2  
  147  10:50  Baneling x5, Zergling x6  
  147  10:55  Zergling x2  
  151  10:57  Baneling x5  
  151  10:58  Zergling x2  
  151  11:00  Zergling x2  
  151  11:01  Zergling x12  
  157  11:05  Zergling x10  
  157  11:08  Zergling x6  
  157  11:10  Zergling x8  
  164  11:14  Baneling x9, Zergling x2  
  165  11:25  Zergling x14  
  151  11:31  Hydralisk x5  
  125  11:35  Hydralisk  
  125  11:36  Zergling x2  
  125  11:37  Zergling x2  
  125  11:42  Zergling x8  
  125  11:43  Hydralisk  
  121  11:57  Drone x2  
  121  11:58  Drone x2  
  125  12:05  Hatchery  
  125  12:06  Zergling x2  
  125  12:07  Zergling x12  
  105  12:16  Hydralisk x5  
  105  12:19  Hydralisk  
  105  12:21  Zergling x4  
  113  12:28  Zergling x22  
Tags
 
Add a new tag
Caveats
  • Supply blocks, unpowered buildings, or Contaminate may cause inaccurate times.
  • Supply counts are checked every 10 seconds.